 Dungeon Crawl Stone Soup version 0.27-a0-883-g39567a0c06 (webtiles) character file.

Game seed: 11685191799549550556

57 Chiseanne the Magician (level 3, -1/24 HPs)
             Began as a Demonspawn Hedge Wizard on Apr 3, 2021.
             Slain by a black bear (8 damage)
             ... on level 2 of the Dungeon.
             The game lasted 00:02:50 (1975 turns).

Chiseanne the Magician (Demonspawn Hedge Wizard)    Turns: 1975, Time: 00:02:50

Health: -1/24      AC:  5    Str: 10    XL:     3   Next: 73%
Magic:  5/8        EV: 12    Int: 16    God:
Gold:   53         SH:  0    Dex: 12    Spells: 3/9 levels left

rFire    . . .     SeeInvis .   a - +0 short sword
rCold    . . .     Faith    .   (no shield)
rNeg     . . .     Spirit   .   b - +0 robe
rPois    .         Reflect  .   c - +0 hat
rElec    .         Harm     .   o - +0 cloak
rCorr    .         Rampage  .   (no gloves)
Will     .....                  (no boots)
Stlth    ++........             (no amulet)
HPRegen  0.08/turn              (no ring)
MPRegen  0.11/turn              (no ring)

@: no status effects
A: molten scales 1, spiny 1
a: no special abilities


You were on level 2 of the Dungeon.
You visited 1 branch of the dungeon, and saw 2 of its levels.

You collected 53 gold pieces.

Inventory:

Hand Weapons
 a - a +0 short sword (weapon)
 e - a +0 mace
 i - a +0 hunting sling
Missiles
 g - 21 stones
 h - 17 bolts
 l - 40 arrows
 m - 3 boomerangs
Armour
 b - a +0 robe (worn)
 c - a +0 hat (worn)
 o - a +0 cloak (worn)
Jewellery
 f - a ring of poison resistance
Potions
 d - a potion of cancellation {unknown}
 j - 2 potions of invisibility
 n - a potion of lignification {unknown}


   Skills:
 - Level 1.7 Dodging
 - Level 1.7 Stealth
 * Level 3.8 Spellcasting
 * Level 2.6 Conjurations
 - Level 1.0 Summonings
 - Level 0.8 Translocations
 * Level 0.0 Air Magic


You had 3 spell levels left.
You knew the following spells:

 Your Spells              Type           Power      Damage    Failure   Level
a - Magic Dart            Conj           44%        1d5       6%          1
b - Blink                 Tloc           N/A        N/A       19%         2
d - Mephitic Cloud        Conj/Pois/Air  5%         N/A       34%         3

Your spell library contained the following spells:

 Spells                   Type           Power      Damage    Failure   Level
 Call Imp                 Summ           6%         N/A       17%         2
 Slow                     Hex            3%         N/A       26%         2
 Conjure Flame            Conj/Fire      7%         6-21      30%         3


Dungeon Overview and Level Annotations

Branches:
Dungeon (2/15)

Altars:
Makhleb


Innate Abilities, Weirdness & Mutations

You are partially covered in molten scales. (AC +2)
You are partially covered in sharp spines.


Message History

Your magical contamination has completely faded away.
g - 21 stones You see here a +0 club.
Things that are here:
a +0 club; a +0 robe; the human skeleton of Jessica A black bear comes into view.
The black bear growls angrily.
You closely miss the adder.
The adder hisses angrily.
The adder closely misses you.
Casting: Magic Dart (safe; 6% risk of failure)
Confirm with . or Enter, or press ? or * to list all spells.
You blink.
The black bear bites you.
The black bear claws you but does no damage.
The black bear closely misses you. The black bear barely misses you.
The black bear claws you. The black bear barely misses you.
The black bear bites you but does no damage.
The black bear claws you.
The black bear claws you but does no damage.
The black bear misses you. The black bear barely misses you.
The black bear claws you. The adder is struck by your spines.
The adder bites you. The black bear barely misses you.
The black bear completely misses you.
The black bear claws you but does no damage.
The adder is struck by your spines. The adder misses you.
Casting: Blink (safe; 19% risk of failure)
Confirm with . or Enter, or press ? or * to list all spells.
You blink.
A worm comes into view.
The black bear is struck by your spines.
The black bear bites you but does no damage.
The black bear claws you. x2
The black bear is struck by your spines.
The black bear completely misses you. The black bear claws you.
The black bear closely misses you.
The black bear barely misses you. x2; The black bear claws you.
* * * LOW HITPOINT WARNING * * *
The black bear bites you!
You die...

########...#################
............).)...........>#
...........####........#####
##########.## #.##.#####
#..# #...<....#
##.####...###.# #.S#
#...###.## ##h###........###
#@.##...###....# ##w##...#
##...# #.##.... ###.###
#.......##.... #...<
#.......#..._. #.###
#.............. #.###
#............ #....
#####..(.. ##### #.....


You could see a black bear, a worm and an adder.

Vanquished Creatures
  Jessica (D:2)
  2 dart slugs
  5 ball pythons
  4 endoplasms
  A giant cockroach (D:2)
  A hobgoblin (D:1)
  3 kobolds
  2 quokkas (D:1)
  2 bats (D:1)
  3 frilled lizards (D:1)
  4 rats
28 creatures vanquished.

Notes
Turn   | Place    | Note
-------+----------+-------------------------------------------
     0 | D:1      | Chiseanne the Demonspawn Hedge Wizard began the quest for
                  | the Orb.
     0 | D:1      | Reached XP level 1. HP: 13/13 MP: 4/4
   240 | D:1      | Found a faded altar of an unknown god.
   334 | D:1      | Gained mutation: You are partially covered in molten
                  | scales. (AC +2) [demonic ancestry]
   334 | D:1      | Reached XP level 2. HP: 19/19 MP: 4/6
  1684 | D:2      | Found a burning altar of Makhleb.
  1684 | D:2      | Noticed Jessica
  1716 | D:2      | Killed Jessica
  1717 | D:2      | Gained mutation: You are partially covered in sharp spines.
                  | [demonic ancestry]
  1717 | D:2      | Reached XP level 3. HP: 15/24 MP: 1/8
  1848 | D:2      | Learned a level 2 spell: Blink
  1852 | D:2      | Learned a level 3 spell: Mephitic Cloud
  1956 | D:2      | Noticed a black bear
  1975 | D:2      | Slain by a black bear

Illustrated notes

Levels and vault maps discovered:
D:1:      wander_arrival_abandoned_jail, layout_basic,
          shapermc_ecumenical_altar_starsandcircs, minmay_tetromino_t4
D:2:      layout_basic, basic_altar, uniq_jessica

Skill      XL: |  1  2 |
---------------+-------+-----
Conjurations   | 2 |  2.6
Dodging        | |  1.7
Stealth        | |  1.7
Spellcasting   | |  3.8
Summonings     | |  1.0
Translocations | |  0.8

Action                   || total
-------------------------++-------
Melee: Dagger            ||     7
       Short sword       ||    11
 Cast: Magic Dart        ||    65
       Blink             ||     2
  Use: Scroll            ||     4
       Potion            ||     1
 Stab: Invisible         ||     1
Armor: Robe              ||     9
Dodge: Dodged            ||    31

Table legend: (Time is in decaauts)
 A = Elapsed time spent in this place.
 B = Non-inter-level travel time spent in this place.
 C = Inter-level travel time spent in this place.
 D = Time resting spent in this place.
 E = Time spent auto-exploring this place.
 F = Levels seen in this place.
 G = Mean time per level.
                   A        B        C        D        E       F      G
               +--------+--------+--------+--------+--------+-----+--------+
         Total |   1975 |   1940 |     35 |    750 |    957 |   2 |  987.5 |
       Dungeon |   1975 |   1940 |     35 |    750 |    957 |   2 |  987.5 |
               +--------+--------+--------+--------+--------+-----+--------+

Top non-repeatable levels by time:
     D:1: 1644 daAuts
     D:2: 330 daAuts
